 Dungeon Crawl Stone Soup version 0.31.0-32-g396128a36d (webtiles) character file.

Game seed: 6271471597052001143

3285 PaiMei the Scholar of Death (level 9, -1/68 HPs)
             Began as a Demonspawn Necromancer on Apr 11, 2024.
             Was a Follower of Kikubaaqudgha.
             Succumbed to an orc warrior's poison
             ... on level 8 of the Dungeon.
             The game lasted 00:14:30 (10520 turns).

PaiMei the Scholar of Death (DsNe)                 Turns: 10520, Time: 00:14:31

Health: -1/68      AC: 14    Str:  9    XL:     9   Next: 69%
Magic:  11/18      EV: 17    Int: 19    God:    Kikubaaqudgha [*.....]
Gold:   276        SH:  5    Dex: 22    Spells: 6/21 levels left

rFire   . . .        o - +6 quarterstaff "Orb Guardian's Bane" {spect, Dex+6}
rCold   . . .        (shield currently unavailable)
rNeg    . . .        a - +0 robe
rPois   .            J - +2 helmet
rElec   .            (no cloak)
rCorr   .            h - +0 pair of gloves
SInv    .            (boots unavailable)
Will    +....        v - amulet of reflection
Stlth   ++++         e - +4 ring of protection
HPRegen 0.31/turn    t - +4 ring of protection
MPRegen 0.16/turn

%: reflection
@: lethally poisoned (-1 -> -3), on berserk cooldown, attractive, enlightened,
flying, slowed, very slow
A: hooves 3, thin skeletal structure 1, powered by death 1
a: Renounce Religion, Unearth Wretches


You were on level 8 of the Dungeon.
You worshipped Kikubaaqudgha.
Kikubaaqudgha was aware of your devotion.
You visited 2 branches of the dungeon, and saw 9 of its levels.

You collected 276 gold pieces.

Inventory:

Hand Weapons
 o - the +6 quarterstaff "Orb Guardian's Bane" (weapon) {spect, Dex+6}
   (You found it on level 2 of the Dungeon)

   Dex+6:     It affects your dexterity (+6).
 H - the +2 short sword of Lujec {freeze, rN+ Str+4}
   (You found it on level 7 of the Dungeon)

   Str+4:     It affects your strength (+4).
   rN+:       It protects you from negative energy.
Missiles
 l - 6 curare-tipped darts (quivered)
 x - 20 poisoned darts
 B - a throwing net
Armour
 a - a +0 robe (worn)
 h - a +0 pair of gloves (worn)
 J - a +2 helmet (worn)
Jewellery
 e - a +4 ring of protection (left hand)
 t - a +4 ring of protection (right hand)
 u - a ring of fire
 v - an amulet of reflection (around neck)
 F - a ring of wizardry
Wands
 w - a wand of mindburst (34)
 z - a wand of iceblast (26)
 A - a wand of acid (19)
 I - a wand of polymorph (10)
Scrolls
 c - 2 scrolls of poison {unknown}
 d - a scroll of vulnerability {unknown}
 f - 2 scrolls of teleportation {unknown}
 i - 6 scrolls of fear {unknown}
 k - 12 scrolls of identify {unknown}
 m - 3 scrolls of noise {unknown}
 q - a scroll of amnesia {unknown}
 s - 3 scrolls of enchant armour {unknown}
 y - 2 scrolls of brand weapon {unknown}
 D - 3 scrolls of fog {unknown}
 E - a scroll of revelation {unknown}
 G - a scroll of enchant weapon {unknown}
Potions
 b - 2 potions of magic
 j - a potion of berserk rage
 p - a potion of attraction
 r - 3 potions of enlightenment
 C - a potion of curing {unknown}


   Skills:
 + Level 5.6 Fighting
 + Level 6.5 Dodging
 - Level 4.0 Stealth
 + Level 6.6 Spellcasting
 + Level 8.8 Necromancy


You had 6 spell levels left.
You knew the following spells:

 Your Spells              Type           Power      Damage    Failure   Level
a - Necrotise             Necr           100%       1d9       1%          1
b - Vampiric Draining     Necr           39%        2d8       1%          3
c - Animate Dead          Necr           39%        N/A       2%          4
d - Curse of Agony        Necr           39%        N/A       8%          5
e - Sublimation of Blood  Necr           39%        N/A       1%          2

Your spell library contained the following spells:

 Spells                   Type           Power      Damage    Failure   Level
 Kiss of Death            Conj/Necr      92%        2d12      1%          1
 Fugue of the Fallen      Necr           39%        N/A       1%          3
 Sandblast                Erth           12%        2d6       11%         1
 Ensorcelled Hibernation  Hex/Ice        12%        N/A       16%         2
 Jinxbite                 Hex            12%        N/A       16%         2
 Anguish                  Hex/Necr       11%        N/A       17%         4
 Frozen Ramparts          Ice            12%        1d2       32%         3
 Hailstorm                Conj/Ice       6%         3d5       32%         3
 Inner Flame              Hex/Fire       6%         N/A       32%         3
 Flame Wave               Conj/Fire      6%         2d5       71%         4
 Petrify                  Alch/Erth      6%         N/A       71%         4
 Sticky Flame             Fire/Alch      6%         2d4       71%         4
 Vhi's Electric Charge    Tloc/Air       12%        N/A       71%         4
 Arcjolt                  Conj/Air       3%         1d13      96%         5
 Irradiate                Conj/Alch      3%         3d12      96%         5
 Yara's Violent Unravell  Hex/Alch       3%         3d4       96%         5
 Plasma Beam              Fire/Air       3%         2x1d13    100%        6
 Enfeeble                 Hex            3%         N/A       100%        7


Dungeon Overview and Level Annotations

Branches:
Dungeon (8/15)             Temple (1/1) D:5
   Lair: D:8-11

Altars:
Cheibriados
Dithmenos
Fedhas
Gozag
Hepliaklqana
Kikubaaqudgha
Makhleb
Nemelex Xobeh
Okawaru
Ru
Uskayaw
Xom

Shops:
D:8 :

Annotations:
D:4 4 runed translucent doors


Innate Abilities, Weirdness & Mutations

You have hooves in place of feet.
You have a somewhat thin skeletal structure. (Dex +2, Stealth+)
You regenerate a little health from kills.


Message History

You feel very buoyant.
You fly up into the air.
Something hits you but does no damage. Something hits you!
* * * LOW HITPOINT WARNING * * *
An orc comes into view. It is wielding a +0 dagger.
It was a potion of berserk rage.
A red film seems to cover your vision as you go berserk!
You feel yourself moving faster!
You feel mighty!
The orc shouts!
Something closely misses you.
You feel a strong urge to attack something.
You feel your anger nearly subside.
You sock the orc!
You kill the orc!
Kikubaaqudgha accepts your kill. Something hits you but does no damage.
The orc warrior throws a poisoned dart.
The poisoned dart hits you.
You are poisoned.
You feel sick. Something hits you.
* * * LOW HITPOINT WARNING * * *
The orc priest begins to cast a cantrip, but forgets the words!
Things that are here:
a +0 dagger; a +0 robe; an orc corpse You feel a strong urge to attack something.
You feel sick.
Found a scroll labelled IMIESHR GIYCKA.
You are no longer berserk.
You are exhausted.
You feel yourself slow down.
* * * LOW HITPOINT WARNING * * *
You feel sick.
The orc priest sings a few bars from the Orcish anthem.
You see here 7 stones.
You feel sick. Something hits you.
* * * LOW HITPOINT WARNING * * *
Something hits you but does no damage.
It was a potion of attraction.
You feel attractive to monsters.
You die...
Kikubaaqudgha rasps: "You have failed me!
Welcome... death!"

####.....#.#.#####.
##...##.#.# #. ##.###.#.#
#. #######.###.#.# #.
#..oo.o.......#####.
#.#####o............
#.#####(#########...######
..........{.)o.oo....#
.........@######....######
###.###.#.# #.#.......# #
..o#.# #.#....##.# ##o....
~~~......#.# ....?##
##~#.....#.# ......
_'.......#.. .......
###~##...#### ..... ~~~
##.## ## #.#


You could see an orc warrior, an orc priest and an orc.

Vanquished Creatures
  Grinder (D:5)
  A wyvern (D:8)
  4 water moccasins
  Duvessa (D:4)
  2 black bears
  An ice beast (D:6)
  5 ogres
  A phantom (D:5)
  A kobold brigand (D:8)
  3 bullfrogs
  2 scorpions
  5 killer bees (D:7)
  Dowan (D:4)
  A howler monkey (D:7)
  3 bombardier beetles (D:4)
  A gnoll bouda (D:4)
  5 jellies
  3 hounds (D:6)
  An orc priest (D:3)
  Ijyb (D:5)
  Terence (D:2)
  A sleepcap (D:4)
  An iguana (D:5)
  3 orc wizards
  Natasha (thrice) (D:4)
  Robin (D:2)
  8 gnolls
  9 adders
  2 shadow imps
  A white imp (D:7)
  2 ribbon worms (D:2)
  4 dart slugs
  14 orcs
  6 ball pythons
  7 endoplasms
  3 giant cockroaches
  17 goblins
  14 hobgoblins
  2 jackals (D:3)
  3 quokkas
  8 bats
  6 frilled lizards
  7 kobolds
  5 rats
  A spectral orc (D:5)
172 creatures vanquished.

Vanquished Creatures (collateral kills)
  A dart slug (D:1)
  2 goblins
3 creatures vanquished.

Grand Total: 175 creatures vanquished

Notes
Turn   | Place    | Note
-------+----------+-------------------------------------------
     0 | D:1      | PaiMei the Demonspawn Necromancer began the quest for the
                  | Orb.
     0 | D:1      | Reached XP level 1. HP: 13/13 MP: 3/3
   239 | D:1      | Gained mutation: You regenerate a little health from kills.
                  | [demonic ancestry]
   239 | D:1      | Reached XP level 2. HP: 19/19 MP: 3/5
   773 | D:1      | Gained mutation: You have large cloven feet. [demonic
                  | ancestry]
   773 | D:1      | Reached XP level 3. HP: 24/24 MP: 4/6
   777 | D:1      | Learned a level 3 spell: Vampiric Draining
  2080 | D:2      | Reached XP level 4. HP: 30/30 MP: 3/8
  2100 | D:2      | Noticed Robin
  2123 | D:2      | Killed Robin
  2156 | D:2      | Reached skill level 5 in Necromancy
  2534 | D:2      | Identified the +6 quarterstaff "Orb Guardian's Bane"
                  | {spect, Dex+6}
  2683 | D:2      | Noticed Terence
  2691 | D:2      | Killed Terence
  3242 | D:3      | Gained mutation: You have hoof-like feet. [demonic
                  | ancestry]
  3242 | D:3      | Reached XP level 5. HP: 35/35 MP: 9/9
  3656 | D:3      | Noticed an ogre
  3666 | D:3      | Killed an ogre
  3667 | D:3      | Gained mutation: You have a somewhat thin skeletal
                  | structure. (Dex +2, Stealth+) [demonic ancestry]
  3667 | D:3      | Reached XP level 6. HP: 12/41 MP: 3/11
  4283 | D:4      | Found a large runed translucent door.
  4284 | D:4      | Found a large runed translucent door.
  4391 | D:4      | Noticed Natasha
  4395 | D:4      | Killed Natasha
  4495 | D:4      | Found a large runed translucent door.
  4495 | D:4      | Found a large runed translucent door.
  4497 | D:4      | Noticed a wyvern
  4720 | D:4      | Reached skill level 6 in Necromancy
  4720 | D:4      | Reached XP level 7. HP: 38/46 MP: 0/12
  4732 | D:4      | Noticed Natasha
  4737 | D:4      | Killed Natasha
  4944 | D:4      | Noticed Dowan
  4946 | D:4      | Noticed Duvessa
  5168 | D:4      | Reached skill level 1 in Fighting
  5495 | D:4      | Noticed Natasha
  5502 | D:4      | Killed Natasha
  5830 | D:4      | Killed Duvessa
  5833 | D:4      | Killed Dowan
  6025 | D:5      | Entered Level 5 of the Dungeon
  6028 | D:5      | Noticed Ijyb
  6283 | D:4      | Gained mutation: You have hooves in place of feet. [demonic
                  | ancestry]
  6283 | D:4      | Reached XP level 8. HP: 57/57 MP: 2/14
  6767 | D:5      | Killed Ijyb
  6878 | D:5      | Reached skill level 7 in Necromancy
  7027 | D:5      | Reached skill level 5 in Spellcasting
  7175 | D:5      | Found a hazy altar of Hepliaklqana.
  7255 | D:5      | Reached skill level 5 in Dodging
  7323 | D:5      | Found a staircase to the Ecumenical Temple.
  7332 | Temple   | Entered the Ecumenical Temple
  7339 | Temple   | Learned a level 5 spell: Curse of Agony
  7342 | Temple   | Learned a level 2 spell: Sublimation of Blood
  7347 | Temple   | Learned a level 4 spell: Animate Dead
  7356 | Temple   | Became a worshipper of Kikubaaqudgha
  7400 | D:5      | Noticed Grinder
  7402 | D:5      | Paralysed by Grinder for 2 turns
  7631 | D:5      | Killed Grinder
  8159 | D:6      | Reached XP level 9. HP: 62/65 MP: 12/17
  8359 | D:6      | Reached skill level 8 in Necromancy
  8915 | D:7      | Got Fexut's Parchment of Earthen Snow
  9111 | D:7      | Reached skill level 5 in Fighting
  9658 | D:7      | Identified the +2 short sword of Lujec {freeze, rN+ Str+4}
  9925 | D:8      | Reached * piety under Kikubaaqudgha
  9925 | D:8      | Received a gift from Kikubaaqudgha
 10093 | D:8      | Found Yqo Leto's Self-Improvement Boutique.
 10510 | D:8      | HP: 3/68 [something (8)]
 10516 | D:8      | HP: 2/102 [something (6)]
 10520 | D:8      | Succumbed to an orc warrior's poison

Illustrated notes

Levels and vault maps discovered:
D:1:      mainiacjoe_arrival_reflecting_pool, layout_basic
D:2:      layout_basic, uniq_robin, uniq_terence
D:3:      layout_loops_ring, kennysheep_generic_room_14
D:4:      layout_basic, minmay_misc_feat_chi, minmay_hollow_rounded_squares,
          uniq_duvessa, uniq_natasha
D:5:      layout_rooms, nicolae_hepliaklqana_monster_ancestors,
          minmay_temple_entry_wispy, uniq_ijyb, uniq_grinder
D:6:      layout_basic
D:7:      layout_basic
D:8:      layout_loops_ring, grunt_temple_overflow_open,
          pdpol_wu_jian_five_deadly_venoms, kennysheep_mini_moat,
          nicolae_shop_self_help
Temple:   hellmonk_temple_flake

Skill      XL: |  1  2  3  4  5  6  7  8  9 |
---------------+----------------------------+-----
Stealth        | 2 3 4 |  4.0
Dodging        | 2 3 4 5 6 |  6.5
Necromancy     | 5 6 7 8 |  8.8
Spellcasting   | 3 4 5 6 |  6.6
Fighting       | 2 4 5 |  5.6

Action                     |  1- 3 |  4- 6 |  7- 9 || total
---------------------------+-------+-------+-------++-------
  Melee: Club              |    13 |    17 |       ||    30
         Quarterstaff      |       |    26 |    92 ||   118
         Kick              |       |       |    21 ||    21
   Cast: Necrotise         |    84 |    98 |   122 ||   304
         Vampiric Draining |       |     5 |    51 ||    56
    Use: Potion            |       |       |     3 ||     3
   Stab: Sleeping          |       |     1 |     1 ||     2
         Distracted        |       |       |     1 ||     1
 Armour: Robe              |    18 |    38 |   128 ||   184
  Dodge: Dodged            |    19 |    37 |   137 ||   193
  Block: Other             |       |       |    31 ||    31
